 Dungeon Crawl Stone Soup version 0.21.1-1-g345015f (webtiles) character file.

245 shakethe the Chopper (level 6, -5/35 HPs)
             Began as a Gargoyle Gladiator on Feb 10, 2018.
             Slain by an ogre
             ... wielding a +0 giant club
              (17 damage)
             ... on level 4 of the Dungeon.
             The game lasted 00:05:34 (2776 turns).

shakethe the Chopper (Gargoyle Gladiator)           Turns: 2776, Time: 00:05:36

Health: -5/35      AC: 11    Str: 17    XL:     6   Next: 10%
Magic:  6/6        EV: 10    Int:  9    God:
Gold:   254        SH:  0    Dex: 13    Spells: 5/5 levels left

rFire    . . .     SeeInvis .   a - +0 war axe
rCold    + . .     Gourm    +   (no shield)
rNeg     + . .     Faith    .   q - +0 scale mail
rPois    ∞         Spirit   .   c - +0 helmet
rElec    +         Reflect  .   (no cloak)
rCorr    .         Harm     .   (no gloves)
MR       .....                  (no boots)
Stlth    ..........             j - amulet of the gourmand {Gourm, !d}
HPRegen  0.11/turn              m - ring of protection from cold {rC+, !d}
MPRegen  0.10/turn              (no ring)

@: no status effects
A: negative energy resistance 1, electricity resistance, unbreathing,
petrification resistance, rot immunity, AC +4
a: no special abilities


You were on level 4 of the Dungeon.
You were completely stuffed.

You visited 1 branch of the dungeon, and saw 4 of its levels.

You collected 254 gold pieces.

Inventory:

Hand Weapons
 a - a +0 war axe (weapon)
Missiles
 d - 3 throwing nets {=f, !d}
Armour
 b - a +0 leather armour
 c - a +0 helmet (worn)
 l - a +0 ring mail
   (You found it on level 2 of the Dungeon)
 q - a +0 scale mail (worn)
   (You took it off an orc on level 3 of the Dungeon)
 v - a +0 pair of gloves
   (You found it on level 4 of the Dungeon)
Jewellery
 j - an amulet of the gourmand (around neck) {Gourm, !d}
   (You found it on level 1 of the Dungeon)
 m - a ring of protection from cold (left hand) {rC+, !d}
   (You found it on level 2 of the Dungeon)
Wands
 p - a wand of paralysis (16)
   (You found it on level 3 of the Dungeon)
Scrolls
 i - 5 scrolls of identify {unknown}
 k - a scroll of enchant weapon {unknown}
 o - 2 scrolls of teleportation {unknown}
 r - a scroll of immolation {unknown}
 t - a scroll of remove curse {unknown}
Potions
 e - 4 potions of flight {unknown}
 g - 2 potions of curing {unknown}
 h - a potion of might {unknown}
 n - a potion of haste {unknown}
 s - a potion of invisibility {unknown}
Comestibles
 f - 5 rations


   Skills:
 - Level 2.1 Fighting
 + Level 6.0 Axes
 - Level 1.7 Throwing
 - Level 2.4 Dodging


You had 5 spell levels left.
You didn't know any spells.

Dungeon Overview and Level Annotations

Branches:
Dungeon (4/15)
 Temple: D:4-7

Altars:
Fedhas
Kikubaaqudgha
Qazlal
Yredelemnul

Annotations:
D:3 exclusion: oklob plant


Innate Abilities, Weirdness & Mutations

You are resistant to torment.
Your stone body is resilient. (AC +4)
You are immune to poison.
You resist negative energy. (rN+)
You are resistant to electric shocks. (rElec)
You can survive without breathing.
You are immune to petrification.
You are immune to rotting.


Message History

You butcher the hobgoblin corpse.
u - 6 chunks of flesh {@w0} (gained 3)
Things that are here:
a club; a goblin corpse You butcher the goblin corpse.
u - 9 chunks of flesh {@w0} (gained 3)
You see here a club.
Things that are here:
a club; a goblin corpse You butcher the goblin corpse.
u - 10 chunks of flesh {@w0} (gained 1)
You see here a club.
You're too full to eat anything.
You're too full to eat anything.
You're too full to eat anything.
You're too full to eat anything.
Items here: ( ))) [[ a mace of holy wrath; an animal skin; a helmet; a dagger an uncursed hunting sling; 20 stones
There is an open door here.
You see here a jackal corpse.
You see here a stone.
You start resting.
Health restored: 35 Eating one of 10 chunks of flesh {@w0}.
You eat one of the 10 chunks of flesh {@w0}.
This raw flesh tastes great.
There is an open door here.
There is a large open door here.
As you open the door, it creaks loudly!
There is an open door here.
You now have 221 gold pieces (gained 11).
You now have 233 gold pieces (gained 12).
e - 4 sedimented purple potions (gained 1)
v - a pair of gloves No target in view!
No target in view!
No target in view!
No target in view!
No target in view!
No target in view!
No target in view!
No target in view!
No target in view!
No target in view!
No target in view!
No target in view!
No target in view!
No target in view!
No target in view!
You now have 247 gold pieces (gained 14).
There is an open door here.
There is a large open door here.
You see here a stone.
There is an open gate here.
Some of the chunks of flesh in your inventory have rotted away.
You open the door.
There is an open door here.
There is an open door here.
You open the door.
There is an open door here.
Some of the chunks of flesh in your inventory have rotted away.
You open the door.
There is an open door here.
You see here a short sword.
You open the door.
There is an open door here.
As you open the door, it creaks loudly!
There is an open door here.
You now have 254 gold pieces (gained 7).
An ogre comes into view. It is wielding a giant club.
The ogre hits you with a giant club.
You slash the ogre! The ogre barely misses you.
You hit the ogre but do no damage. The ogre barely misses you.
You hit the ogre but do no damage. The ogre hits you with a giant club!!
Ouch! That really hurt!
* * * LOW HITPOINT WARNING * * *
A jackal comes into view.
You are too injured to fight recklessly!
You are too injured to fight recklessly!
You are too injured to fight recklessly!
You are too injured to fight recklessly!
You take 25 damage, and have 10/35 hp.
MASSIVE DAMAGE!!
The jackal barks!
You hear a bark!
A jackal comes into view.
The jackal closely misses you.
The jackal bites you but does no damage.
The jackal barely misses you.
An ogre comes into view. It is wielding a giant club.
The ogre shouts!
The jackal barely misses you.
A scorpion comes into view.
All of the chunks of flesh in your inventory have rotted away.
A phantom comes into view.
Your scale mail prevents you from hitting the ogre.
You hit the jackal. You slash the scorpion!
The jackal bites you but does no damage.
The scorpion barely misses you. The ogre hits you with a giant club!
You die...

#...#....#....#
#...'....#....'
#...#....#....#
#...#....#....#
#...#....#....#
#...#....#....# #
#..###..###...#
.####.####+####..#####+#
......s@h.h.............
........O...............
.......O................
.............[..........
......##....##...##.....
...... #....##...# #####
............##...##...
W##...##..............
#......?.......


You could see a phantom, 2 ogres, a scorpion and 2 jackals.

Vanquished Creatures
  2 orc wizards
  Robin (D:4)
  6 adders
  4 worms
  2 leopard geckos
  10 orcs
  4 giant cockroaches
  18 goblins
  11 hobgoblins
  9 jackals
  5 kobolds
  A quokka (D:3)
  A ball python skeleton (D:4)
  12 bats
  5 frilled lizards
  2 gnoll zombies (D:2)
  9 rats
102 creatures vanquished.

Notes
Turn   | Place    | Note
-------+----------+-------------------------------------------
     0 | D:1      | shakethe the Gargoyle Gladiator began the quest for the Orb.
     0 | D:1      | Reached XP level 1. HP: 12/12 MP: 1/1
    93 | D:1      | Reached skill level 3 in Axes
   175 | D:1      | Reached XP level 2. HP: 15/17 MP: 2/2
   609 | D:2      | Reached XP level 3. HP: 21/21 MP: 3/3
   621 | D:2      | Noticed an earth elemental
   622 | D:2      | Found a stormy altar of Qazlal.
   624 | D:2      | Noticed an air elemental
   624 | D:2      | Noticed a fire elemental
   624 | D:2      | Noticed a water elemental
   798 | D:2      | Found a basalt altar of Yredelemnul.
   874 | D:2      | Reached skill level 4 in Axes
   996 | D:2      | Reached XP level 4. HP: 20/26 MP: 4/4
  1350 | D:3      | Found an ancient bone altar of Kikubaaqudgha.
  1541 | D:3      | Found a blossoming altar of Fedhas.
  1560 | D:3      | Noticed an oklob plant
  1673 | D:3      | Reached skill level 5 in Axes
  1765 | D:3      | Reached XP level 5. HP: 21/30 MP: 5/5
  2517 | D:4      | Noticed Robin
  2538 | D:4      | Reached XP level 6. HP: 25/35 MP: 6/6
  2543 | D:4      | Reached skill level 6 in Axes
  2553 | D:4      | Killed Robin
  2776 | D:4      | Noticed a phantom
  2776 | D:4      | Slain by an ogre

Skill      XL: |  1  2  3  4  5  6 |
---------------+-------------------+-----
Axes           | 3 4 5 6 |  6.0
Fighting       | |  2.1
Throwing       | |  1.7
Dodging        | |  2.4

Action                   |  1- 3 |  4- 6 || total
-------------------------+-------+-------++-------
Melee: War axe           |   111 |   213 ||   324
  Eat: Chunk             |       |    18 ||    18
Armor: Leather armour    |    42 |       ||    42
       Ring mail         |    13 |    54 ||    67
       Scale mail        |       |   104 ||   104
Dodge: Dodged            |    97 |   141 ||   238

Vault maps used:
D:1:      giann_wishing_wells
D:2:      nicolae_qazlal_style_of_elements, lemuel_zombie_altar_yredelemnul,
          kennysheep_generic_room_6
D:3:      cheibrodos_old_hovel, tgw_fedhas, nicolae_overflow_hidden_temple
D:4:      kennysheep_goblin_castle, minmay_temple_entry_nine_rooms, first_ration

Table legend:
 A = Turns spent in this place as a percentage of turns spent in the entire game.
 B = Non-inter-level travel turns spent in this place as a percentage of non-inter-level travel turns spent in the entire game.
 C = Inter-level travel turns spent in this place as a percentage of turns spent in this place.
 D = Turns resting spent in this place as a percentage of non-inter-level travel turns spent in this place.
 E = Turns spent auto-exploring this place as a percentage of non-inter-level travel turns spent in this place.
 F = Non-inter-level travel turns spent in this place divided by the number of levels of this place that you've seen.
                   A       B       C       D       E      F
               +-------+-------+-------+-------+-------+----------------------
         Total | 100.0 | 100.0 |   0.7 |   5.0 |  62.9 | 689.0
       Dungeon | 100.0 | 100.0 |   0.7 |   5.0 |  62.9 | 689.0
               +-------+-------+-------+-------+-------+----------------------

Table legend:
 A = Kills in this place as a percentage of kills in entire the game.
 B = Kills by you in this place as a percentage of kills by you in the entire game.
 C = Kills by friends in this place as a percentage of kills by friends in the entire game.
 D = Other kills in this place as a percentage of other kills in the entire game.
 E = Experience gained in this place as a percentage of experience gained in the entire game.
 F = Experience gained in this place divided by the number of levels of this place that you have seen.
                   A       B       C       D       E      F
               +-------+-------+-------+-------+-------+----------------------
         Total | 100.0 | 100.0 |   N/A |   N/A | 100.0 |  87.5
       Dungeon | 100.0 | 100.0 |   N/A |   N/A | 100.0 |  87.5
               +-------+-------+-------+-------+-------+----------------------
